 Dungeon Crawl Stone Soup version 0.30-a0-778-g2ef04afb54 (console) character file.

Game seed: 9881587691947907796

148 rlgrobin the Chopper (level 5, -1/41 (45) HPs)
             Began as a Meteoran Fighter on Feb 15, 2023.
             Slain by a wight
             ... wielding a +5 dagger
              (2 damage)
             ... on level 6 of the Dungeon.
             The game lasted 00:02:39 (391 turns).

rlgrobin the Chopper (Meteoran Fighter)              Turns: 391, Time: 00:02:40

HP:   -1/41 (45)    AC:  6    Str: 19    XL:     5   Next: 87%
MP:   6/6           EV:  9    Int: 10    God:
Gold: 24            SH:  5    Dex: 13    Spells: 4/4 levels left

rFire   . . .      SeeInvis .    a - +0 war axe
rCold   . . .      Faith    .    c - +0 buckler
rNeg    . . .      Spirit   .    b - +0 scale mail
rPois   .          Reflect  .    (no helmet)
rElec   .          Harm     .    (no cloak)
rCorr   .          Rampage  .    (no gloves)
Will    .....                    (no boots) Stlth
                                 e - amulet of the acrobat
HPRegen 0.26/turn                (no ring)
MPRegen 0.10/turn                (no ring)

@: mighty, glowing, drained
A: sense surroundings 1, otherworldly, glowing, explore regen
a: no special abilities


You were on level 6 of the Dungeon.
You visited 1 branch of the dungeon, and saw 6 of its levels.

You collected 24 gold pieces.

Inventory:

Hand Weapons
 a - a +0 war axe (weapon)
Missiles
 f - a throwing net (quivered)
Armour
 b - a +0 scale mail (worn)
 c - a +0 buckler (worn)
Jewellery
 e - an amulet of the acrobat (around neck)
Scrolls
 h - a scroll of enchant weapon {unknown}
 i - a scroll of vulnerability {unknown}
 j - a scroll of noise {unknown}
 k - a scroll of identify {unknown}
 l - a scroll of blinking {unknown}
Potions
 g - a potion of heal wounds {unknown}


   Skills:
 - Level 3.2 Fighting
 + Level 6.4 Axes
 - Level 3.6 Armour
 - Level 3.6 Shields


You had 4 spell levels left.
You didn't know any spells.
Your spell library contained the following spells:

 Spells                   Type           Power      Damage    Failure   Level
 Magic Dart               Conj           0%         1d3       82%         1
 Call Imp                 Summ           0%         N/A       91%         2
 Mephitic Cloud           Conj/Pois/Air  0%         N/A       99%         3


Dungeon Overview and Level Annotations

Branches:
Dungeon (6/15) Zot: 3185
 Temple: D:4-7

Altars:

Annotations:
D:3 Ijyb


Innate Abilities, Weirdness & Mutations

You passively map a small area around you.
You are easily found by Zot.
You glow in the dark.
You regain HP and MP as you explore.


Message History

The adder closely misses you.
You miss the adder.
The adder is severely wounded.
The adder bites you but does no damage. The adder bites you.
You slash the adder!
You kill the adder!
You barely miss the wight. The wight hits you but does no damage.
The wight hits you with a +0 dire flail!
You barely miss the wight. You block the wight's attack.
You slash the wight!
The wight is almost destroyed.
The wight completely misses you.
You slash the wight!
You destroy the wight!
Your Axes skill increases to level 6!
You closely miss the wight. The wight barely misses you.
You closely miss the wight. The wight hits you with a +5 dagger.
You barely miss the wight. The wight hits you with a +5 dagger!
You feel drained. The wight hits you with a +5 dagger.
* * * LOW HITPOINT WARNING * * *
You feel drained.
* * * LOW HITPOINT WARNING * * *
You slash the wight!
The wight is severely damaged.
The wight closely misses you.
You barely miss the wight.
The wight is severely damaged.
The wight hits you with a +5 dagger.
* * * LOW HITPOINT WARNING * * *
You feel drained.
* * * LOW HITPOINT WARNING * * *
You barely miss the wight.
The wight is severely damaged.
You block the wight's attack.
You barely miss the wight.
The wight is severely damaged.
The wight hits you with a +5 dagger.
* * * LOW HITPOINT WARNING * * *
The wight hits you with a +5 dagger.
You die...

#.#..# #.#,
#.#..####.#
#.#.....)<#,*
#......##.#,*
#.........#.*
*
#......##....
#............
,
#.......#....,
###@###.#.....
#z###.#......
, #zz...#
#........... ,
#........... ,
, #...........
#.........##
#.........# ,
#.......$...,


You could see 3 wights.

Vanquished Creatures
  A wight (D:6)
  A hound (D:5)
  An iguana (D:4)
  A gnoll (D:1)
  An adder (D:6)
  A dart slug (D:4)
  4 orcs
  2 endoplasms
  A giant cockroach (D:4)
  2 goblins
  A hobgoblin (D:1)
  A kobold (D:2)
  A quokka (D:5)
  2 ball pythons (D:1)
  A rat (D:1)
21 creatures vanquished.

Notes
Turn   | Place    | Note
-------+----------+-------------------------------------------
     0 | D:1      | rlgrobin the Meteoran Fighter began the quest for the Orb.
     0 | D:1      | Reached XP level 1. HP: 19/19 MP: 2/2
    97 | D:1      | Reached skill level 3 in Axes
    97 | D:1      | Reached XP level 2. HP: 14/26 MP: 3/3
   125 | D:1      | Reached XP level 3. HP: 14/31 MP: 4/4
   188 | D:4      | Reached skill level 4 in Axes
   188 | D:4      | Reached XP level 4. HP: 24/38 MP: 5/5
   213 | D:3      | Noticed Ijyb
   249 | D:5      | Entered Level 5 of the Dungeon
   265 | D:5      | Reached skill level 5 in Axes
   312 | D:5      | Reached XP level 5. HP: 39/45 MP: 6/6
   385 | D:6      | Reached skill level 6 in Axes
   391 | D:6      | HP: 1/41 [wight/+5 dagger (5)]
   391 | D:6      | Slain by a wight

Illustrated notes

Levels and vault maps discovered:
D:1:      heliophobic_arrival_glass_houses, layout_basic
D:2:      layout_loops_ring, basic_altar, uniq_sigmund
D:3:      layout_basic, chequers_ecumenical_altar_grove, minmay_misc_feat_x,
          uniq_ijyb, uniq_terence
D:4:      layout_loops_ring
D:5:      layout_loops_corners, grunt_temple_overflow_gold_and_silver
D:6:      layout_basic, elyvilon_altar_3, minmay_temple_entry_slanted

Skill      XL: |  1  2  3  4  5 |
---------------+----------------+-----
Axes           | 3 4 5 6 |  6.4
Fighting       | |  3.2
Armour         | |  3.6
Shields        | |  3.6

Action                     |  1- 3 |  4- 6 || total
---------------------------+-------+-------++-------
  Melee: War axe           |    30 |    45 ||    75
    Use: Potion            |       |     1 ||     1
 Armour: Scale mail        |     5 |    16 ||    21
  Dodge: Dodged            |    11 |    22 ||    33
  Block: Buckler           |     6 |    11 ||    17

Table legend: (Time is in decaauts)
 A = Elapsed time spent in this place.
 B = Non-inter-level travel time spent in this place.
 C = Inter-level travel time spent in this place.
 D = Time resting spent in this place.
 E = Time spent auto-exploring this place.
 F = Levels seen in this place.
 G = Mean time per level.
                   A        B        C        D        E       F      G
               +--------+--------+--------+--------+--------+-----+--------+
         Total |    413 |    413 |      0 |      0 |      0 |   6 |   68.8 |
       Dungeon |    413 |    413 |      0 |      0 |      0 |   6 |   68.8 |
               +--------+--------+--------+--------+--------+-----+--------+

Top non-repeatable levels by time:
     D:1: 157 daAuts
     D:5: 112 daAuts
     D:4: 74 daAuts
     D:6: 39 daAuts
     D:2: 21 daAuts
     D:3: 8 daAuts
